 Dungeon Crawl Stone Soup version 0.27.1-1-g398f81649c (webtiles) character file.

Game seed: 7202840628085999340

813 Descartes the Covert (level 7, -8/35 HPs)
             Began as a Spriggan Delver on Sept 18, 2021.
             Splashed by Ijyb's acid (14 damage)
             ... on level 5 of the Dungeon.
             The game lasted 00:12:32 (5532 turns).

Descartes the Covert (Spriggan Delver)              Turns: 5532, Time: 00:12:33

Health: -8/35      AC: 11    Str: 10    XL:     7   Next: 61%
Magic:  8/8        EV: 19    Int: 17    God:
Gold:   149        SH:  8    Dex: 17    Spells: 4/6 levels left

rFire    . . .     SeeInvis +   a - +4 short sword
rCold    . . .     Faith    .   q - +2 buckler {AC+3}
rNeg     . . .     Spirit   .   G - +0 robe
rPois    +         Reflect  .   D - +2 hat
rElec    .         Harm     .   (no cloak)
rCorr    .         Rampage  .   (gloves unavailable)
Will     +....                  (boots unavailable)
Stlth    ++++......             h - amulet of the acrobat
HPRegen  0.11/turn              J - ring "Xutakh" {rPois Int+6}
MPRegen  0.11/turn              m - +4 ring of protection

@: very quick
A: very small, no large weapons, unfitting armour, see invisible, speed 3
a: no special abilities


You were on level 5 of the Dungeon.
You visited 2 branches of the dungeon, and saw 6 of its levels.

You collected 149 gold pieces.

Inventory:

Hand Weapons
 a - a +4 short sword (weapon)
 b - a +0 hunting sling
 C - a +1 short sword of protection
Missiles
 l - 25 stones (quivered)
 r - 21 sling bullets
 x - 2 curare-tipped darts
 B - 20 arrows
Armour
 q - a +2 buckler of protection (worn)
 D - a +2 hat (worn)
 G - a +0 robe (worn)
Magical Staves
 u - a staff of poison
Jewellery
 h - an amulet of the acrobat (around neck)
 j - a ring of protection from cold
 m - a +4 ring of protection (right hand)
 s - a +6 ring of dexterity
 J - the ring "Xutakh" (left hand) {rPois Int+6}
   (You found it on level 4 of the Dungeon)

   [ring of intelligence]

   Int:       It affects your intelligence (+6).
   rPois:     It protects you from poison.
Wands
 g - a wand of digging (3)
 y - a wand of mindburst (14)
Scrolls
 c - a scroll of fog
 d - 5 scrolls of magic mapping
 e - 2 scrolls of fear
 i - 4 scrolls of enchant armour {unknown}
 k - 5 scrolls of identify {unknown}
 n - 2 scrolls of teleportation {unknown}
 o - 2 scrolls of enchant weapon {unknown}
 p - a scroll of amnesia {unknown}
 w - a scroll of summoning {unknown}
 z - a scroll of silence {unknown}
 E - a scroll of immolation {unknown}
Potions
 f - 2 potions of haste
 t - a potion of resistance {unknown}
 v - a potion of attraction {unknown}
 A - a potion of curing {unknown}
 F - 2 potions of flight {unknown}
 H - 3 potions of might {unknown}
 I - a potion of berserk rage {unknown}


   Skills:
 - Level 2.4 Fighting
 + Level 4.6 Short Blades
 + Level 5.6 Dodging
 + Level 9.3 Stealth
 + Level 1.9 Shields
 + Level 3.2 Hexes
 + Level 3.7 Translocations
 + Level 2.6 Evocations


You had 4 spell levels left.
You knew the following spells:

 Your Spells              Type           Power      Damage    Failure   Level
a - Blink                 Tloc           N/A        N/A       11%         2

Your spell library contained the following spells:

 Spells                   Type           Power      Damage    Failure   Level
 Lesser Beckoning         Tloc           6%         N/A       22%         3
 Passwall                 Tmut/Erth      0%         N/A       45%         2
 Inner Flame              Hex/Fire       5%         N/A       47%         3
 Cause Fear               Hex            5%         N/A       65%         4
 Swiftness                Air            0%         N/A       71%         3
 Manifold Assault         Tloc           12%        N/A       90%         5
 Invisibility             Hex            5%         N/A       100%        6
 Discord                  Hex            5%         N/A       100%        8


Dungeon Overview and Level Annotations

Branches:
Dungeon (5/15)             Temple (1/1) D:5

Altars:
Cheibriados
Elyvilon
Fedhas
Gozag
Kikubaaqudgha
Makhleb
Nemelex Xobeh
Okawaru
Qazlal
Ru
Sif Muna
Trog
Uskayaw
Vehumet
Xom
Yredelemnul
Zin
The Shining One

Shops:
D:1 ?

Annotations:
D:5 Ijyb


Innate Abilities, Weirdness & Mutations

You are very small and have problems with some larger weapons.
You are too small for most types of armour.
You have supernaturally acute eyesight. (SInv)
You cover ground extremely quickly. (Speed+++)


Message History

You are too injured to fight recklessly!
You are too injured to fight recklessly!
You are too injured to fight recklessly!
You are too injured to fight recklessly!
You are too injured to fight recklessly!
You are too injured to fight recklessly!
You are too injured to fight recklessly!
You are too injured to fight recklessly!
You are too injured to fight recklessly!
You are too injured to fight recklessly!
You are too injured to fight recklessly!
You are too injured to fight recklessly!
You are too injured to fight recklessly!
You are too injured to fight recklessly!
You are too injured to fight recklessly!
You are too injured to fight recklessly!
You are too injured to fight recklessly!
You hit Ijyb.
Ijyb is heavily wounded.
Ijyb zaps a wand.
The bolt of acid misses you.
You hit Ijyb.
Ijyb is heavily wounded.
You barely miss Ijyb.
Ijyb is heavily wounded.
Ijyb hits you but does no damage.
You hit Ijyb but do no damage.
Ijyb is heavily wounded.
Ijyb completely misses you.
You closely miss Ijyb.
Ijyb is heavily wounded.
Ijyb completely misses you.
You hit Ijyb.
Ijyb is severely wounded.
Ijyb misses you.
You hit Ijyb but do no damage.
Ijyb is severely wounded.
Ijyb zaps a wand.
The bolt of acid hits you!
* * * LOW HITPOINT WARNING * * *
You are splashed with acid!
You die...

##...........#
#............#
#.#..........#
..#.........$#
.............#
.##....>.....####
.####.....#.....##
..##.............##
#...............@.#
###..............g#
#.รท.............#
#...............#
#...............#
##.............##
##.....#.....##
#############


You could see Ijyb.

Vanquished Creatures
  Edmund (D:4)
  A water moccasin (D:5)
  A necrophage (D:3)
  An ogre (D:4)
  A water moccasin skeleton (D:5)
  A centaur zombie (D:5)
  A jelly (D:4)
  2 hounds (D:4)
  A bullfrog skeleton (D:5)
  An iguana (D:5)
  An orc wizard (D:5)
  8 adders
  An adder skeleton (D:4)
  2 worms (D:2)
  8 orcs
  6 bats
  8 endoplasms
  4 giant cockroaches
  6 goblins
  8 hobgoblins
  2 jackals (D:4)
  5 quokkas
  8 ball pythons
  2 frilled lizards
  9 kobolds
  5 rats
94 creatures vanquished.

Vanquished Creatures (others)
  An orc wizard (D:5)
  A plant (D:1)
  6 withered plants (D:1)
8 creatures vanquished.

Grand Total: 102 creatures vanquished

Notes
Turn   | Place    | Note
-------+----------+-------------------------------------------
     0 | D:5      | Descartes the Spriggan Delver began the quest for the Orb.
     0 | D:5      | Reached XP level 1. HP: 11/11 MP: 2/2
    21 | D:5      | Reached XP level 2. HP: 16/16 MP: 3/3
    21 | D:5      | Reached XP level 3. HP: 19/19 MP: 4/4
   116 | D:4      | Reached skill level 8 in Stealth
   171 | D:4      | Reached XP level 4. HP: 23/23 MP: 5/5
   758 | D:3      | Noticed a necrophage
  1214 | D:1      | Learned a level 2 spell: Blink
  1335 | D:1      | Found a faded altar of an unknown god.
  1517 | D:1      | Found Dostryakk's Magic Scroll Boutique.
  2419 | D:2      | Reached XP level 5. HP: 27/27 MP: 6/6
  2478 | D:2      | Reached skill level 1 in Hexes
  2588 | D:2      | Reached skill level 1 in Translocations
  3121 | D:3      | Killed a necrophage
  3122 | D:3      | Reached XP level 6. HP: 13/32 MP: 7/7
  3704 | D:3      | Reached skill level 1 in Shields
  3884 | D:4      | Reached skill level 1 in Evocations
  3911 | D:4      | Noticed Edmund
  3954 | D:4      | Killed Edmund
  3955 | D:4      | Reached skill level 5 in Dodging
  3955 | D:4      | Reached skill level 9 in Stealth
  4283 | D:4      | Reached XP level 7. HP: 32/34 MP: 8/8
  4631 | D:4      | Identified the ring "Xutakh" {rPois Int+6}
  4923 | D:5      | Found a staircase to the Ecumenical Temple.
  4938 | Temple   | Entered the Ecumenical Temple
  5517 | D:5      | Noticed Ijyb
  5532 | D:5      | Splashed by Ijyb's acid

Illustrated notes

Levels and vault maps discovered:
D:1:      dpeg_arrival_more_subterranean_lakeside_camping, layout_loops_ring,
          serial_shops, shop, shapermc_ecumenical_altar_flowoftime
D:2:      layout_basic
D:3:      layout_loops_cross
D:4:      layout_loops_cross, eino_small_chamber_without_monster, dk_vineyard_1,
          kennysheep_generic_room_2, uniq_edmund
D:5:      layout_rooms, lemuel_doored_altar, minmay_temple_entry_slanted,
          minmay_misc_feat_doors, uniq_ijyb, uniq_prince_ribbit1,
          uniq_crazy_yiuf_cottage
Temple:   dpeg_five_rooms_temple

Skill      XL: |  1  2  3  4  5  6  7 |
---------------+----------------------+-----
Dodging        | 3 4 5 |  5.6
Short Blades   | 3 4 |  4.6
Stealth        | 8 9 |  9.3
Hexes          | 2 3 |  3.2
Translocations | 1 3 |  3.7
Shields        | 1 |  1.9
Evocations     | 1 2 |  2.6
Fighting       | |  2.4

Action                   |  1- 3 |  4- 6 |  7- 9 || total
-------------------------+-------+-------+-------++-------
Melee: Short sword       |     7 |   449 |    70 ||   526
 Stab: Sleeping          |     5 |    25 |     2 ||    32
       Distracted        |       |     1 |       ||     1
Armor: Robe              |     1 |    51 |    10 ||    62
Dodge: Dodged            |     4 |   242 |    41 ||   287
Block: Buckler           |       |   116 |    18 ||   134
